 Dungeon Crawl Stone Soup version 0.24.0-13-gcf9b3192b9 (webtiles) character file.

Game seed: 8415223121793039656, levelgen mode: deterministic

102 Delamore the Chopper (level 4, -2/40 HPs)
             Began as a Hill Orc Monk on Nov 5, 2019.
             Slain by Sigmund
             ... wielding a +0 scythe
              (4 damage)
             ... on level 3 of the Dungeon.
             The game lasted 00:04:17 (2201 turns).

Delamore the Chopper (Hill Orc Monk)                Turns: 2201, Time: 00:04:18

Health: -2/40      AC:  7    Str: 14    XL:     4   Next: 77%
Magic:  4/4        EV: 11    Int: 10    God:
Gold:   123        SH:  0    Dex: 13    Spells: 3/3 levels left

rFire    . . .     SeeInvis .   a - +0 hand axe
rCold    . . .     Gourm    .   (no shield)
rNeg     . . .     Faith    .   f - +0 ring mail
rPois    +         Spirit   .   v - +0 helmet
rElec    .         Reflect  .   t - +0 cloak
rCorr    .         Harm     .   (no gloves)
MR       .....                  (no boots)
Stlth    +.........             (no amulet)
HPRegen  0.13/turn              (no ring)
MPRegen  0.09/turn              (no ring)

@: hasted, very quick
A: mutation resistance 1, poison resistance, subdued magic 1
a: no special abilities


You were on level 3 of the Dungeon.
You were not hungry.

You visited 1 branch of the dungeon, and saw 3 of its levels.

You collected 123 gold pieces.

Inventory:

Hand Weapons
 a - a +0 hand axe (weapon)
Missiles
 l - 2 atropa-tipped darts (quivered)
 s - 14 poisoned darts
Armour
 f - a +0 ring mail (worn)
 t - a +0 cloak (worn)
 v - a +0 helmet (worn)
Jewellery
 i - an uncursed ring of fire
Scrolls
 d - a scroll of fear {unknown}
 h - a scroll of fog {unknown}
 p - 2 scrolls of enchant armour {unknown}
 q - a scroll of remove curse {unknown}
 r - 3 scrolls of amnesia {unknown}
 u - 2 scrolls of identify {unknown}
Potions
 b - a potion of mutation
 e - a potion of degeneration {unknown}
 g - 3 potions of haste
 j - 2 potions of curing {unknown}
 k - 3 potions of lignification {unknown}
 m - 2 potions of heal wounds {unknown}
 n - a potion of ambrosia {unknown}
Comestibles
 c - 3 rations


   Skills:
 - Level 3.6 Fighting
 + Level 6.6 Axes
 + Level 1.6 Armour
 - Level 2.4 Dodging
 - Level 1.5 Stealth


You had 3 spell levels left.
You didn't know any spells.
Your spell library was empty.

Dungeon Overview and Level Annotations

Branches:
Dungeon (3/15)

Altars:

Annotations:
D:3 Sigmund


Innate Abilities, Weirdness & Mutations

You are somewhat resistant to further mutation.
Your system is resistant to poisons. (rPois)
Your spells are a little easier to cast, but a little less powerful.


Message History

Sigmund flickers, as though insubstantial.
Sigmund hits you with a +0 scythe.
* * * LOW HITPOINT WARNING * * *
You hit Sigmund but do no damage.
Sigmund is severely wounded.
Sigmund mumbles some strange words.
Sigmund flickers and vanishes!
Deactivating autopickup; reactivate with Ctrl-A.
It was a potion of mutation.
You feel extremely strange.
You feel resistant to poisons.
Your connection to magic feels subdued.
You feel genetically stable.
You hear some strange, mumbled words.
A magic dart appears from out of thin air!
The magic dart hits you.
* * * LOW HITPOINT WARNING * * *
It was a potion of haste.
You feel yourself speed up. Something hits you.
* * * LOW HITPOINT WARNING * * *
You feel less confused. Something hits you.
You die...

####.# # #....#.#
#....#.# #...... #....##
# ###.....# # #
#.......###.###.#
#########.......@.{((....
...............####.###.#
..##....###....# #
...............#
...............#
...............#
...........#.###
...........#'######+
+#####..............


There were no monsters in sight!

Vanquished Creatures
  Ijyb (D:2)
  Robin (D:3)
  An adder (D:2)
  A worm (D:2)
  3 leopard geckos
  7 bats
  2 giant cockroaches
  11 goblins
  6 hobgoblins
  6 kobolds
  2 ball pythons (D:1)
  6 frilled lizards
  4 rats
51 creatures vanquished.

Notes
Turn   | Place    | Note
-------+----------+-------------------------------------------
     0 | D:1      | Delamore the Hill Orc Monk began the quest for the Orb.
     0 | D:1      | Reached XP level 1. HP: 19/19 MP: 1/1
   104 | D:1      | Reached XP level 2. HP: 22/27 MP: 2/2
   195 | D:1      | Reached skill level 5 in Axes
   590 | D:2      | Reached XP level 3. HP: 20/33 MP: 3/3
   822 | D:2      | You fall into a shaft and drop 1 floor!
   927 | D:3      | Noticed Robin
  1239 | D:2      | Found a faded altar of an unknown god.
  1278 | D:3      | Noticed Ijyb
  1574 | D:2      | Killed Ijyb
  1574 | D:2      | Reached skill level 6 in Axes
  1574 | D:2      | Reached skill level 1 in Armour
  1574 | D:2      | Reached XP level 4. HP: 31/40 MP: 4/4
  1705 | D:3      | Killed Robin
  2179 | D:3      | Noticed Sigmund
  2197 | D:3      | Gained mutation: Your system is resistant to poisons.
                  | (rPois) [potion of mutation]
  2197 | D:3      | Gained mutation: Your spells are a little easier to cast,
                  | but a little less powerful. [potion of mutation]
  2197 | D:3      | Gained mutation: You are somewhat resistant to further
                  | mutation. [potion of mutation]
  2198 | D:3      | HP: 1/40 [something (2)]
  2201 | D:3      | Slain by Sigmund

Levels and vault maps discovered:
D:1:      dpeg_arrival_arbitrary_c, layout_basic
D:2:      layout_basic, chequers_ecumenical_altar_grove
D:3:      layout_basic, kennysheep_vampire_church, serial_park_tiny_2,
          uniq_ijyb, uniq_robin, uniq_sigmund

Skill      XL: |  1  2  3 |
---------------+----------+-----
Axes           | 5 6 |  6.6
Armour         | 1 |  1.6
Fighting       | |  3.6
Dodging        | |  2.4
Stealth        | |  1.5

Action                   |  1- 3 |  4- 6 || total
-------------------------+-------+-------++-------
Melee: Hand axe          |   120 |    54 ||   174
       Unarmed           |     7 |       ||     7
Throw: Dart              |     1 |     2 ||     3
  Use: Potion            |       |     2 ||     2
 Stab: Sleeping          |     6 |       ||     6
  Eat: Chunk             |     1 |     3 ||     4
Armor: Robe              |     6 |       ||     6
       Ring mail         |    32 |    19 ||    51
       Leather armour    |     3 |       ||     3
Dodge: Dodged            |    64 |    26 ||    90
